Frizzbo, neutral female gnomish Wizard ----------------------------------------------------------------------- .......|.[[[(..........................................................| ...+...|.................................................------------..| -----+--.)(................................).............|....((..).|..| |))..%...}}}}}}}....................}}}}}}}..........|........%(|..| |).).....}-----}....................}-----}..........--|--|--...|..| ---.)%)....}|***| }}}}}}}}}}}}}}} |***|}........... .....|...|..| |...%....%.}- - ----------------------}.................|...|..| |..%...)...}% |$$$$$$$$$$$$$$$|..........|}}}%..```........)..-...|..| -------........ $$$$$$$$$$$$$$$ ..........|................))..|...|..| |$$$[)|[)....... $$$$$$$$$$$$$$$|.(.%.[[%G%[.......``...........|...|..| |$$$))).)..%...} |$$$$$$$$$$$$$$$|.........T|}}}.................-...|..| |$$$(.|).)).[..}- ----------------------------}.................|...|..| |$$...|.[).).[[}|***|}}}}}}}}}}}}}}}}}}}}} |***|}.................|.%.|..| |$$-)----![/...}-----}....................}-----}.h........--|--|--...|..| |$$|..(.|.[....}}}}}}}....................}}}}}}}.....)....|........*.|..| |$$|..^.|...)...)..)............................h..........|....%....%|..| -----------.[...).............................s............------------..| |[)%.....)...........[...........s.............................| ---------------------------------------------------------------- Frizzbo the Enchantress Experience level: 15 Strength: 18/04 Dexterity: 17 Constitution: 17 Intelligence: 23 Wisdom: 22 Charisma: 12 Health: 0(112) Energy: 90(248) Def: 19 Gold: 0 Moves: 20376 Dungeon seed: W1QcCB2doR4ONO1_ Game ID: Frizzbo_1467044644 Your Inventory: Amulets t - an uncursed amulet of magical breathing X - an uncursed amulet of ESP (being worn) Weapons v - the blessed rustproof +1 Magicbane (weapon in hand) Armor n - a blessed +0 pair of elven boots (being worn) o - a blessed +3 pair of leather gloves (being worn) p - a blessed fireproof +0 cloak of magic resistance (being worn) q - a blessed greased +0 silver dragon scale mail (being worn) U - a blessed rustproof +3 helm of brilliance (being worn) Comestibles u - 3 uncursed lizard corpses B - 4 uncursed food rations W - an uncursed tripe ration Z - an uncursed C-ration Scrolls m - an uncursed scroll of create monster Potions h - a blessed potion of confusion F - an uncursed potion of sickness Rings g - a blessed +1 ring of gain strength (on left hand) J - an uncursed ring of fire resistance V - an uncursed +2 ring of increase damage (on right hand) Wands j - an uncursed wand of enlightenment (0:11) D - an uncursed wand of digging (0:7) E - an uncursed wand of magic missile (0:5) I - an uncursed wand of magic missile (0:5) L - an uncursed wand of polymorph (0:1) N - an uncursed wand of sleep (0:7) O - an uncursed wand of speed monster (0:5) S - an uncursed wand of lightning (0:7) T - an uncursed wand of undead turning (0:5) Tools c - a blessed magic lamp (lit) e - an uncursed +0 unicorn horn f - an uncursed skeleton key s - a blessed oilskin sack w - an uncursed magic whistle R - an uncursed towel Gems a - 2 uncursed amethyst stones b - 2 uncursed chrysoberyl stones d - 3 uncursed diamonds r - an uncursed agate stone x - 3 uncursed emeralds y - an uncursed jade stone z - 3 uncursed worthless pieces of black glass Contents of the oilskin sack: an uncursed +0 mummy wrapping an uncursed scroll of blank paper a cursed scroll of blank paper 3 uncursed scrolls of create monster an uncursed scroll of destroy armor 2 uncursed scrolls of enchant armor an uncursed scroll of gold detection an uncursed scroll of magic mapping an uncursed scroll of remove curse an uncursed scroll of scare monster a blessed scroll of teleportation 3 uncursed scrolls of teleportation an uncursed spellbook of stone to flesh 2 uncursed potions of booze 2 potions of holy water 6 uncursed potions of water an uncursed magic marker (0:28) 2 uncursed garnet stones 2 uncursed jacinth stones an uncursed jade stone an uncursed jet stone an uncursed luckstone an uncursed opal 3 uncursed rubies an uncursed sapphire an uncursed touchstone Spells and supernatural/magical abilities: Name Level Category Fail Memory a - force bolt 1* attack 0% 0% h - healing 1* healing 0% 0% m - magic missile 2 attack 0% 41% u - confuse monster 2 enchantment 0% 13% G - detect treasure 4 divination 0% 96% I - identify 3 divination 0% 58% K - cure sickness 3 healing 0% 66% S - stone to flesh 3 healing 0% 86% W - pray for help -- divine ? -- Your skills at the end: Miscellaneous Skills wands [Basic] Weapon Skills dagger [Basic] club [Basic] quarterstaff [Basic] crossbow [Basic] Spellcasting Skills attack spells [Expert] healing spells [Basic] divination spells [Expert] enchantment spells [Basic] Final Attributes: You were piously aligned. You were cold resistant. You were sleep resistant. You were poison resistant. You were magic-protected. You were telepathic. You were warned. You had infravision. You were stealthy. You had a +2 damage bonus. You were fast. You had reflection. You are dead. Vanquished creatures: Croesus a yellow dragon a captain a lich 2 Aleaxes a vampire 3 lieutenants 2 giant mimics an ogre king an ice troll a rock troll 2 doppelgangers a wumpus 3 long worms a hill giant a giant mummy a black naga 2 giant zombies 3 sergeants a winter wolf 3 small mimics 2 xans an ogre lord 2 trolls 4 wood golems 2 freezing spheres a flaming sphere a shocking sphere a large cat a tiger a tengu a gelatinous cube an ochre jelly 2 chameleons 2 leocrottas an energy vortex a mountain centaur a red naga a python a cobra 3 wraiths 77 soldiers a succubus an incubus 2 giant beetles a cockatrice a wolf a winter wolf cub 2 panthers a leprechaun 4 quivering blobs 2 spotted jellies 5 lizards an orc-captain a mumak 2 giant spiders a scorpion 2 iron piercers an ice vortex 2 black lights 10 vampire bats a forest centaur an orc mummy a dwarf mummy 4 ogres 2 brown puddings a rust monster an owlbear 3 yetis a gold golem a werewolf 6 Green-elves 7 giant eels 3 chickatrices a dog 2 dingos a housecat a jaguar 2 blue jellies 2 water nymphs a black unicorn a dust vortex 2 ravens 4 plains centaurs 5 water moccasins 4 human zombies a rope golem 3 Woodland-elves a soldier ant a fire ant 8 bugbears 2 imps a quasit 3 wood nymphs 9 Mordor orcs 14 Uruk-hai 2 orc shamans 2 rock moles 5 rock piercers a fog cloud 5 yellow lights 3 shriekers 2 violet fungi 3 gnome lords 2 gnomish wizards 3 kobold mummies 4 gray oozes 3 barrow wights 3 elf zombies a ghoul 5 straw golems 3 paper golems 13 giant ants 4 little dogs 7 floating eyes a kitten 2 dwarves 8 homunculi 3 kobold lords 5 kobold shamans 8 iguanas 8 hill orcs 9 rothes 5 rabid rats 2 centipedes 9 giant bats a monkey 6 orc zombies 3 dwarf zombies 3 wererats 4 werejackals 7 killer bees 2 coyotes 6 gas spores 10 hobbits an acid blob a large kobold 20 geckos 14 hobgoblins 12 giant rats a cave spider 6 brown molds 5 yellow molds 2 green molds 4 red molds 9 gnomes a garter snake 10 manes 3 gnome zombies 14 jackals 4 foxes 5 kobolds 12 newts 11 goblins 13 sewer rats 22 grid bugs 4 bats 12 lichens 2 kobold zombies 643 creatures vanquished. Genocided species: xorns 1 species genocided. Voluntary challenges: You had followed a strict vegan diet until turn 3170. You had followed a strict vegetarian diet until turn 3170. You used a wielded weapon 711 times, starting on turn 2. You read items or engraved 70 times, starting on turn 139. You genocided 1 type of monster, starting on turn 11901. You polymorphed 139 items, starting on turn 20203. You never changed form. You completed Sokoban on turn 15907, according to the rules. You used 2 wishes, starting on turn 140. You did not wish for any artifacts. You split 1 pudding, starting on turn 13496. You wrote Elbereth's name 2 times, starting on turn 19216. You never violated your personal moral code. Dungeon overview: The Dungeons of Doom: levels 1 to 13 Level 1 a fountain a long staircase Level 2 an armor shop, an altar to Thoth Level 3 a scroll shop, a fountain Level 4 an altar to Thoth, a fountain stairs to The Gnomish Mines Level 5 Level 6 many fountains Level 7 stairs to Sokoban Level 8 Level 9 Level 10 Level 11 Level 12 a fountain portal to The Quest Level 13 portal to Fort Ludios The Gnomish Mines: levels 5 to 12 Level 5 stairs to The Dungeons of Doom Level 6 Level 7 Level 8 many shops, a temple to Thoth, a magic chest, some fountains, some trees Level 9 Level 10 Level 11 Level 12 a magic chest, a fountain The Quest: Level 1 portal to The Dungeons of Doom Sokoban: levels 3 to 6 Level 3 a magic chest Level 4 Level 5 Level 6 a magic chest stairs to The Dungeons of Doom Fort Ludios: Level 1 <- You were here a magic chest, a throne portal to The Dungeons of Doom History has recorded: On T:1 you entered the Dungeons of Doom to retrieve the Amulet of Yendor! On T:140 you wished for "3 blessed scrolls of charging". On T:150 you wished for "blessed fixed greased +3 silver dragon scale mail". On T:445 you advanced to experience level 2. On T:584 you reached level 2 of The Dungeons of Doom. On T:986 you advanced to experience level 3. On T:2198 you reached level 3 of The Dungeons of Doom. On T:2254 you advanced to experience level 4. On T:3362 you advanced to experience level 5. On T:3780 you reached level 4 of The Dungeons of Doom. On T:5624 you advanced to experience level 6. On T:5636 you reached level 1 of The Gnomish Mines. On T:5737 you reached level 2 of The Gnomish Mines. On T:6900 you advanced to experience level 7. On T:6923 you reached level 3 of The Gnomish Mines. On T:7613 you reached level 4 of The Gnomish Mines. On T:7750 you entered the Minetown temple On T:7855 you opened a magic chest. On T:7856 you opened a magic chest. On T:7858 you opened a magic chest. On T:8399 you received Magicbane from Thoth. On T:8628 you opened a magic chest. On T:8629 you opened a magic chest. On T:8712 you advanced to experience level 8. On T:8743 you reached level 5 of The Gnomish Mines. On T:9267 you reached level 6 of The Gnomish Mines. On T:9764 you reached level 7 of The Gnomish Mines. On T:10165 you reached level 8 of The Gnomish Mines. On T:10165 you reached the bottom of the Mines. On T:10557 you opened a magic chest. On T:11412 you opened a magic chest. On T:11773 you opened a magic chest. On T:11775 you opened a magic chest. On T:11833 you opened a magic chest. On T:11871 you opened a magic chest. On T:11904 you opened a magic chest. On T:11908 you opened a magic chest. On T:11908 you opened a magic chest. On T:11918 you opened a magic chest. On T:12886 you reached level 5 of The Dungeons of Doom. On T:13221 you reached level 6 of The Dungeons of Doom. On T:13268 you advanced to experience level 9. On T:13269 you received advice from The Oracle. On T:13269 you advanced to experience level 10. On T:13657 you reached level 7 of The Dungeons of Doom. On T:14016 you reached level 4 of Sokoban. On T:14076 you opened a magic chest. On T:14323 you reached level 3 of Sokoban. On T:14700 you reached level 2 of Sokoban. On T:15140 you reached level 1 of Sokoban. On T:15907 you advanced to experience level 11. On T:15907 you entered the Sokoban zoo. On T:16005 you opened a magic chest. On T:16011 you opened a magic chest. On T:16039 you opened a magic chest. On T:16042 you opened a magic chest. On T:16378 you reached level 8 of The Dungeons of Doom. On T:16881 you reached level 9 of The Dungeons of Doom. On T:17103 you opened a magic chest. On T:17114 you opened a magic chest. On T:17558 you reached level 10 of The Dungeons of Doom. On T:17838 you reached level 11 of The Dungeons of Doom. On T:18219 you reached level 12 of The Dungeons of Doom. On T:18551 you reached level 1 of The Quest. On T:18556 you advanced to experience level 12. On T:18876 you reached level 13 of The Dungeons of Doom. On T:19192 you reached Fort Ludios. On T:19337 you advanced to experience level 13. On T:19452 you advanced to experience level 14. On T:20021 you advanced to experience level 15. On T:20350 you killed Croesus in Fort Ludios. Score breakdown: Gold: 0 ( 0 points) Experience: 15 levels ( 1400 points) Exploration: 19 levels ( 540 points) Discoveries: 112 items ( 2000 points) Variety of kills: 159 monsters ( 2000 points) Major goal: Sokoban/Mines ( 1500 points) Survival: died (score multiplied by 3) Total score: 22320 Latest messages: You carefully open the chest... You trigger a trap! Suddenly you are frozen in place! The troll rises from the dead! The troll claws you! (2x) The troll bites! The troll claws you! (2x) The troll misses. The troll claws you! (2x) The troll bites! The troll claws you! (2x) The troll bites! The troll claws you! (2x) The troll bites! The troll claws you! (2x) The troll bites! The troll claws you! (2x) The troll bites! The troll claws you! (2x) The troll bites! You die... Final status: Goodbye Frizzbo the Wizard, killed by a troll, while frozen by a trap... You died in Fort Ludios with 22320 points, and 0 pieces of gold, after 20376 moves. You were level 15 with a maximum of 112 hit points when you died.